 Dungeon Crawl Stone Soup version 0.29-a0-96-g93358da72b (webtiles) character file.

Game seed: 3518242734421896736

8 cyrus the Skirmisher (level 2, 0/24 HPs)
             Began as a Merfolk Abyssal Knight on Feb 11, 2022.
             Was an Initiate of Lugonu.
             Slain by a kobold (2 damage)
             ... on level 1 of the Dungeon.
             The game lasted 00:01:28 (340 turns).

cyrus the Skirmisher (Merfolk Abyssal Knight)        Turns: 340, Time: 00:01:29

Health: 0/24       AC:  3    Str: 13    XL:     2   Next: 8%
Magic:  3/3        EV: 12    Int:  9    God:    Lugonu [......]
Gold:   6          SH:  0    Dex: 14    Spells: 1/1 levels left

rFire   . . .      SeeInvis .   a - +1 spear
rCold   . . .      Faith    .   (no shield)
rNeg    . . .      Spirit   .   b - +0 leather armour
rPois   .          Reflect  .   (no helmet)
rElec   .          Harm     .   (no cloak)
rCorr   .          Rampage  .   (no gloves)
Will    .....                   (no boots)
Stlth   +.........              (no amulet)
HPRegen 0.08/turn               (no ring)
MPRegen 0.08/turn               (no ring)

@: no status effects
A: (nimble swimmer 2), mertail
a: Renounce Religion


You were on level 1 of the Dungeon.
You worshipped Lugonu.
Lugonu was noncommittal.
You visited 1 branch of the dungeon, and saw 1 of its levels.
You visited the Abyss 1 time.

You collected 6 gold pieces.

Inventory:

Hand Weapons
 a - a +1 spear (weapon)
Armour
 b - a +0 leather armour (worn)


   Skills:
 + Level 3.5 Fighting
 + Level 3.4 Polearms
 + Level 0.7 Armour
 + Level 2.8 Dodging
 + Level 2.0 Invocations


You had one spell level left.
You didn't know any spells.
Your spell library was empty.

Dungeon Overview and Level Annotations

Branches:
Dungeon (1/15)

Altars:


Innate Abilities, Weirdness & Mutations

((You are very nimble when in or above water. (Stealth+, EV+, Speed+++)))
Your lower body shifts to a powerful aquatic tail in water.


Message History

* * * LOW HITPOINT WARNING * * *
You hit the frilled lizard.
The frilled lizard is heavily wounded.
The kobold hits you with a +0 dagger.
* * * LOW HITPOINT WARNING * * *
You barely miss the frilled lizard.
The frilled lizard is heavily wounded.
The frilled lizard bites you but does no damage.
The kobold hits you but does no damage. The kobold completely misses you.
The bat barely misses you. The bat hits you.
* * * LOW HITPOINT WARNING * * *
The bat barely misses you. The bat hits you but does no damage.
The bat hits you but does no damage.
Found a scroll labelled KIRUGA TUQARAV.
The bat hits you but does no damage. The bat barely misses you.
The bat completely misses you. The bat hits you but does no damage.
The bat hits you but does no damage. The bat hits you.
* * * LOW HITPOINT WARNING * * *
You hit the bat.
You kill the bat!
Lugonu accepts your kill. The bat closely misses you.
You miss the frilled lizard.
The frilled lizard is heavily wounded.
The bat misses you. The bat hits you but does no damage.
The frilled lizard barely misses you.
You miss the frilled lizard.
The frilled lizard is heavily wounded.
The bat closely misses you. The frilled lizard closely misses you.
You hit the frilled lizard.
You kill the frilled lizard!
Lugonu accepts your kill. The bat closely misses you.
The kobold hits you with a +0 dagger.
* * * LOW HITPOINT WARNING * * *
The bat barely misses you. The kobold hits you with a +0 dagger.
* * * LOW HITPOINT WARNING * * *
The bat closely misses you. The kobold barely misses you.
The bat hits you but does no damage. The kobold hits you with a +0 dagger.
You die...

....>..(.....# ####..#.♣
#.#.#.#.#.##.# #.....##.
...........# # #.....###
#.#.#.#.#.## #......†.
...........# ##....##†..
#.#.#.#.#.##..........#.
............##.######.##
.#.....b....... #...
.#.....@K....#. ####
.............#
##..........##
#..........#
#..........#
............#
........?...#
#............
#......#######


You could see a bat and a kobold.

Vanquished Creatures
  An endoplasm (D:1)
  2 hobgoblins (D:1)
  3 bats (D:1)
  A frilled lizard (D:1)
  A goblin (D:1)
8 creatures vanquished.

Notes
Turn   | Place    | Note
-------+----------+-------------------------------------------
     0 | Abyss:1  | cyrus the Merfolk Abyssal Knight began the quest for the
                  | Orb.
     0 | Abyss:1  | Reached XP level 1. HP: 18/18 MP: 2/2
   100 | Abyss:1  | Noticed a quicksilver dragon skeleton
   102 | Abyss:1  | Noticed a smoke demon
   104 | D:1      | Escaped the Abyss
   320 | D:1      | Reached XP level 2. HP: 10/24 MP: 3/3
   340 | D:1      | Slain by a kobold

Illustrated notes

Levels and vault maps discovered:
D:1:      pf_arrival_petrified_forest, layout_rooms,
          chequers_ecumenical_altar_island, st_stairs_12,
          minmay_misc_feat_square, chequers_serial_rivers_room_b

Action                   || total
-------------------------++-------
Melee: Spear             ||    24
Invok: Depart the Abyss  ||     1
Armor: Leather armour    ||    25
Dodge: Dodged            ||    64

Table legend: (Time is in decaauts)
 A = Elapsed time spent in this place.
 B = Non-inter-level travel time spent in this place.
 C = Inter-level travel time spent in this place.
 D = Time resting spent in this place.
 E = Time spent auto-exploring this place.
 F = Levels seen in this place.
 G = Mean time per level.
                   A        B        C        D        E       F      G
               +--------+--------+--------+--------+--------+-----+--------+
         Total |    338 |    338 |      0 |      0 |    238 |   2 |  169.0 |
       Dungeon |    234 |    234 |      0 |      0 |    156 |   1 |  234.0 |
         Abyss |    104 |    104 |      0 |      0 |     82 |   1 |  104.0 |
               +--------+--------+--------+--------+--------+-----+--------+

Top non-repeatable levels by time:
     D:1: 234 daAuts
 Abyss:1: 104 daAuts
